 Dungeon Crawl Stone Soup version 0.28.0-43-g3370ac3207 (webtiles) character file.

Game seed: 4149756534483954211

5777 issech the Basher (level 10, -16/88 HPs)
             Began as a Troll Monk on Mar 29, 2022.
             Was a Priest of Hepliaklqana.
             Demolished by a komodo dragon (29 damage)
             ... on level 7 of the Dungeon.
             The game lasted 00:31:38 (7275 turns).

issech the Basher (Troll Monk)                      Turns: 7275, Time: 00:31:38

Health: -16/88     AC:  4    Str: 21    XL:     10   Next: 50%
Magic:  9/9        EV: 10    Int:  6    God:    Hepliaklqana [***...]
Gold:   790        SH: 10    Dex: 16    Spells: 9/9 levels left

rFire   . . .      SeeInvis .   p - +0 morningstar (protect)
rCold   . . .      Faith    .   N - +2 kite shield {reflect}
rNeg    + . .      Spirit   .   b - +0 robe
rPois   .          Reflect  +   (helmet restricted)
rElec   .          Harm     .   (no cloak)
rCorr   .          Rampage  .   (gloves unavailable)
Will    .....                   (boots unavailable)
Stlth   ++........              (no amulet)
HPRegen 1.04/turn               d - ring of flight
MPRegen 0.11/turn               M - ring of positive energy

@: flying
A: reduced essence, large, unfitting armour, claws 3, regeneration 1, shaggy fur
1, tough skin 1
a: Renounce Religion, Recall Ancestor, Ancestor Identity, Transference


You were on level 7 of the Dungeon.
You worshipped Hepliaklqana.
Hepliaklqana was most pleased with you.
You visited 2 branches of the dungeon, and saw 8 of its levels.
You also visited: Bailey.

You collected 790 gold pieces.

Inventory:

Hand Weapons
 n - a +0 giant club
 p - a +0 morningstar of protection (weapon)
 x - a +0 hand crossbow
 z - a +2 rapier of draining
 A - a +1 dire flail of draining
 F - a +1 short sword of electrocution
 H - a +5 short sword of electrocution
 J - a +1 short sword of protection
 T - a +0 arbalest
Missiles
 c - 305 stones
 h - 2 atropa-tipped darts
 i - 77 arrows
 v - 15 poisoned darts
 w - 65 bolts
 D - a throwing net
 E - a curare-tipped dart
 O - 14 boomerangs (quivered)
Armour
 b - a +0 robe (worn)
 N - a +2 kite shield of reflection (worn)
Jewellery
 d - a ring of flight (left claw)
 M - a ring of positive energy (right claw)
Wands
 t - a wand of charming (8)
 y - a wand of iceblast (7)
 G - a wand of acid (25)
Scrolls
 g - 2 scrolls of amnesia
 k - a scroll of immolation
 o - a scroll of fear
 r - a scroll of brand weapon
 s - 2 scrolls of fog
 B - a scroll of enchant weapon
 C - a scroll of enchant armour {unknown}
 L - 2 scrolls of identify
 Q - a scroll of blinking {unknown}
Potions
 a - 2 potions of might {unknown}
 e - a potion of heal wounds {unknown}
 f - 2 potions of cancellation {unknown}
 j - 3 potions of lignification {unknown}
 l - 4 potions of curing {unknown}
 m - a potion of berserk rage {unknown}
 q - a potion of brilliance {unknown}
 u - 2 potions of mutation {unknown}
 I - a potion of invisibility
 K - a potion of haste {unknown}
 P - 4 potions of flight
 S - a potion of attraction {unknown}
Miscellaneous
 R - a phantom mirror


   Skills:
 + Level 6.0 Fighting
 + Level 10.2 Maces & Flails
 + Level 4.8 Throwing
 + Level 5.3 Dodging
 + Level 3.2 Stealth
 + Level 1.5 Shields


You had 9 spell levels left.
You didn't know any spells.
Your spell library contained the following spells:

 Spells                   Type           Power      Damage    Failure   Level
 Ignite Poison            Fire/Tmut/Pois 0%         N/A       98%         3
 Mephitic Cloud           Conj/Pois/Air  0%         N/A       98%         3
 Freezing Cloud           Conj/Ice/Air   0%         6-21      100%        5


Dungeon Overview and Level Annotations

Branches:
Dungeon (7/15)             Temple (1/1) D:4          Bailey (visited)

Altars:
Ashenzari
Cheibriados
Elyvilon
Fedhas
Hepliaklqana
Kikubaaqudgha
Makhleb
Nemelex Xobeh
Okawaru
Qazlal
Ru
Sif Muna
Trog
Uskayaw
Vehumet
Wu Jian
Xom
Yredelemnul
Zin
The Shining One

Shops:
D:3 *   D:5 :   D:7 :[

Portals:
Abyss: D:7

Annotations:
D:7 2 transporters, themarg's ghost, novice TeCj


Innate Abilities, Weirdness & Mutations

Your life essence is reduced to manifest your ancestor. (-10% HP)
You are too large for most types of armour.
You have claws for hands.
Your natural rate of healing is unusually fast.
You are covered in fur. (AC +1)
You have tough skin. (AC +1)


Message History

The komodo dragon bites you! The green ugly thing engulfs you.
Ayize gestures at the centaur while chanting.
The stone arrow hits the centaur!
You barely miss the green ugly thing.
The centaur hits you but does no damage.
You block the centaur's attack.
An iguana comes into view.
You block the iguana's attack. You block the komodo dragon's attack.
The green ugly thing engulfs you!
Ayize casts a spell at the centaur.
The puff of frost hits the centaur!
The centaur dies!
You swap places.
The iguana bites Ayize!
The komodo dragon bites you!!
* * * LOW HITPOINT WARNING * * *
The green ugly thing engulfs Ayize!
Ayize closely misses the iguana.
The iguana barely misses Ayize.
You block the komodo dragon's attack.
The green ugly thing splashes around in the water.
Ayize hits the iguana with a +0 quarterstaff!!
The iguana dies!
The green ugly thing engulfs Ayize.
Ayize hits the green ugly thing with a +0 quarterstaff!!
The green ugly thing closely misses Ayize.
Ayize misses the green ugly thing.
There is an open door here.
The iguana barely misses Ayize.
The green ugly thing engulfs Ayize.
Ayize hits the green ugly thing with a +0 quarterstaff.
The iguana closely misses Ayize.
The komodo dragon bites you.
* * * LOW HITPOINT WARNING * * *
The green ugly thing splashes around in the water.
Ayize closely misses the green ugly thing.
The iguana bites Ayize.
The green ugly thing engulfs Ayize.
Ayize gestures at the green ugly thing while chanting.
The puff of frost misses the green ugly thing.
You block the komodo dragon's attack.
You hear a splashing noise.
You block the komodo dragon's attack. The komodo dragon bites you!
* * * LOW HITPOINT WARNING * * *
The komodo dragon bites you!!
You die...

#### ...## ######
≈≈..# ##≈≈≈≈#
#≈#.###≈≈##≈# ######
≈≈≈≈≈≈≈≈##≈≈###≈@l≈#
#########≈≈≈≈≈≈≈##≈#
######≈##≈≈#
#..#.#)#.###≈≈##
#...uR≈..'≈##
#.#.#l#.###≈≈#
######≈##≈≈#
#########≈≈≈≈≈≈≈##≈#
≈##≈≈≈≈≈##≈≈#..≈≈≈≈#


You could see a komodo dragon.

Vanquished Creatures
  A boulder beetle (D:7)
  Pikel (D:4)
  3 orc knights (Bailey)
  Eustachio (D:5)
  A steam dragon (D:7)
  Edmund (D:5)
  Duvessa (D:6)
  An orc warrior (Bailey)
  2 ice beasts
  A black bear (D:4)
  A sky beast (D:6)
  2 ogres
  A phantom (D:5)
  A kobold brigand (D:6)
  A bullfrog (D:6)
  A gnoll sergeant (D:6)
  A scorpion (D:6)
  A bullfrog zombie (D:6)
  3 hounds
  A jelly (D:5)
  An orc priest (D:7)
  2 gnoll shamans (D:7)
  2 iguanas (D:5)
  A scorpion zombie (D:5)
  A killer bee zombie (D:6)
  A hound skeleton (D:4)
  10 gnolls
  7 adders
  A shadow imp (D:4)
  2 white imps
  2 ufetubi
  A worm (D:2)
  14 orcs
  7 ball pythons
  4 bats
  11 endoplasms
  4 giant cockroaches
  3 goblins
  5 hobgoblins
  23 jackals
  3 quokkas
  A frilled lizard (D:2)
  A jackal skeleton (D:4)
  15 kobolds
  5 rats
153 creatures vanquished.

Vanquished Creatures (collateral kills)
  2 water moccasins (D:7)
  An orc warrior (Bailey)
  A centaur (D:7)
  A bullfrog (D:7)
  A gnoll sergeant (D:7)
  A scorpion (D:7)
  Dowan (D:6)
  A jelly (D:6)
  3 hounds
  2 centaur zombies
  2 gnoll shamans
  An iguana (D:7)
  A killer bee zombie (D:7)
  10 gnolls
  An ufetubus (D:7)
  3 orcs
  3 goblins
  2 hobgoblins
  A jackal (D:7)
  5 kobolds
43 creatures vanquished.

Vanquished Creatures (others)
  6 battlemagi
  A plant (Temple)
7 creatures vanquished.

Grand Total: 203 creatures vanquished

Notes
Turn   | Place    | Note
-------+----------+-------------------------------------------
     0 | D:1      | issech the Troll Monk began the quest for the Orb.
     0 | D:1      | Reached XP level 1. HP: 22/22 MP: 0/0
   224 | D:1      | Reached XP level 2. HP: 29/29 MP: 1/1
   269 | D:1      | Reached skill level 3 in Maces & Flails
   738 | D:2      | Reached XP level 3. HP: 33/36 MP: 2/2
  1192 | D:2      | Reached XP level 4. HP: 33/44 MP: 3/3
  1276 | D:2      | Noticed an ogre
  1369 | D:2      | Killed an ogre
  1370 | D:2      | Reached skill level 4 in Maces & Flails
  1370 | D:2      | Reached XP level 5. HP: 47/53 MP: 4/4
  1893 | D:3      | Found Mekaijimo's Assorted Antiques.
  2582 | D:4      | Reached XP level 6. HP: 61/61 MP: 5/5
  2603 | D:4      | Found a staircase to the Ecumenical Temple.
  2612 | Temple   | Entered the Ecumenical Temple
  3113 | D:4      | Reached skill level 5 in Maces & Flails
  3496 | D:4      | Found a bloodstained altar of Trog.
  3497 | D:4      | Found a shimmering altar of Xom.
  3506 | D:4      | Found a hide-covered altar of Uskayaw.
  3507 | D:4      | Found a broken altar of Ashenzari.
  3508 | D:4      | Found a sparkling altar of Nemelex Xobeh.
  3510 | D:4      | Found an iron altar of Okawaru.
  3511 | D:4      | Found a basalt altar of Yredelemnul.
  3519 | D:4      | Found a snail-covered altar of Cheibriados.
  3522 | D:4      | Found a blossoming altar of Fedhas.
  3620 | D:5      | Entered Level 5 of the Dungeon
  3626 | D:5      | Noticed Pikel
  3725 | D:4      | Killed Pikel
  3726 | D:4      | Reached skill level 6 in Maces & Flails
  3726 | D:4      | Reached XP level 7. HP: 64/70 MP: 6/6
  3765 | D:5      | Found Meclydol's Book Shop.
  4001 | D:5      | Noticed Eustachio
  4032 | D:5      | Killed Eustachio
  4033 | D:5      | Reached XP level 8. HP: 30/74 MP: 7/7
  4104 | D:5      | Noticed Edmund
  4141 | D:5      | Killed Edmund
  4142 | D:5      | Reached skill level 7 in Maces & Flails
  4510 | D:5      | Found an ancient bone altar of Kikubaaqudgha.
  4540 | D:5      | Found a hazy altar of Hepliaklqana.
  4547 | D:5      | Became a worshipper of Hepliaklqana the Forgotten
  4547 | D:5      | Reached * piety under Hepliaklqana
  4547 | D:5      | Reached ** piety under Hepliaklqana
  4548 | D:5      | Remembered your ancestor Ayize as a battlemage
  4868 | D:6      | Reached skill level 8 in Maces & Flails
  4954 | D:6      | Noticed Dowan
  4957 | D:6      | Noticed Duvessa
  4964 | D:6      | Killed Duvessa
  4966 | D:6      | Killed Dowan
  5038 | D:6      | Reached skill level 5 in Fighting
  5072 | D:6      | Reached XP level 9. HP: 53/79 MP: 8/8
  5749 | D:7      | Reached skill level 9 in Maces & Flails
  5760 | D:7      | Reached skill level 5 in Dodging
  5776 | D:7      | Noticed a boulder beetle
  5781 | D:7      | Found Punit's Antique Armour Emporium.
  5816 | D:7      | Found a one-way gate to the infinite horrors of the Abyss.
  5816 | D:7      | Noticed themarg's ghost (novice TeCj)
  5818 | D:7      | Found a transporter.
  5966 | D:7      | Noticed a red ugly thing
  6040 | D:7      | Found a flagged portal.
  6040 | D:7      | Reached *** piety under Hepliaklqana
  6055 | Bailey   | Entered a bailey
  6063 | Bailey   | Noticed an orc knight
  6296 | Bailey   | Noticed an orc knight
  6297 | Bailey   | Noticed an orc knight
  6300 | Bailey   | Reached skill level 10 in Maces & Flails
  6407 | Bailey   | Killed an orc knight
  6408 | Bailey   | Reached skill level 1 in Throwing
  6408 | Bailey   | Reached XP level 10. HP: 69/88 MP: 9/9
  6460 | Bailey   | Killed an orc knight
  6461 | Bailey   | Reached skill level 1 in Shields
  6582 | Bailey   | Killed an orc knight
  6921 | D:7      | Killed a boulder beetle
  7023 | D:7      | Found Wyogg's Book Emporium.
  7142 | D:7      | Found a transporter.
  7256 | D:7      | Noticed a green ugly thing
  7275 | D:7      | Demolished by a komodo dragon

Illustrated notes

Levels and vault maps discovered:
D:1:      dpeg_arrival_snail, layout_rooms
D:2:      layout_loops_cross
D:3:      layout_loops_cross, serial_shops, nicolae_diamond_shop
D:4:      layout_rooms, nicolae_overflow_hallway_of_the_gods,
          minmay_temple_entry_nine_rooms, serial_bayou_pond_e
D:5:      layout_loops_ring, mainiacjoe_overflow_two_lobes, serial_shops, shop,
          uniq_eustachio, uniq_pikel, uniq_edmund
D:6:      layout_gridville, uniq_duvessa
D:7:      layout_cave_pools, enter_bailey_4, gammafunk_ghost_abyssal_escape,
          serial_shops, shop, serial_gnoll_camp, gnoll_camp_mini_shop,
          gnoll_camp_mini_basic, gnoll_camp_mini_hut, gnoll_camp_mini_house,
          gnoll_camp_mini_basic, minmay_manual_mullet
Temple:   jpeg_temple_island

Skill      XL: |  1  2  3  4  5  6  7  8  9 10 |
---------------+-------------------------------+-----
Maces & Flails | 3 4 6 8 10 | 10.2
Dodging        | 3 4 5 |  5.3
Fighting       | 3 4 5 6 |  6.0
Stealth        | 2 3 |  3.2
Throwing       | 1 4 |  4.8
Shields        | 1 |  1.5

Action                   |  1- 3 |  4- 6 |  7- 9 | 10-12 || total
-------------------------+-------+-------+-------+-------++-------
Melee: Mace              |   128 |    29 |       |       ||   157
       Punch             |     4 |     1 |       |       ||     5
       Giant club        |       |   184 |    51 |       ||   235
       Dire flail        |       |       |   115 |       ||   115
       Morningstar       |       |       |    21 |    24 ||    45
Throw: Stone             |       |     1 |       |       ||     1
       Boomerang         |       |       |    40 |    53 ||    93
Invok: Ancestor Life: Ba |       |       |     1 |       ||     1
  Use: Scroll            |       |       |     6 |       ||     6
 Stab: Distracted        |       |     1 |     3 |     1 ||     5
       Sleeping          |       |     2 |     1 |       ||     3
Armor: Robe              |    67 |    93 |    36 |     3 ||   199
Dodge: Dodged            |    88 |   165 |   115 |    11 ||   379
Block: Kite shield       |       |       |    17 |    24 ||    41
       Reflection        |       |       |     7 |     1 ||     8
